 Dungeon Crawl Stone Soup version 0.29.0-4-gdea44cf6ec (webtiles) character file.

Game seed: 4441957172438484755

826 qw the Cleaver (level 7, -3/41 HPs)
             Began as a Tengu Warper on Aug 28, 2022.
             Was an Initiate of Okawaru.
             Slain by a gnoll sergeant
             ... wielding a +2 trident of freezing
              (7 damage)
             ... on level 6 of the Dungeon.
             The game lasted 00:00:30 (5069 turns).

qw the Cleaver (Tengu Warper)                       Turns: 5069, Time: 00:00:31

Health: -3/41      AC: 12    Str: 13    XL:     7   Next: 96%
Magic:  11/11      EV:  5    Int: 14    God:    Okawaru [......]
Gold:   292        SH:  0    Dex: 13    Spells: 10/10 levels left

rFire   . . .      SeeInvis .   Y - +2 hand axe (venom)
rCold   . . .      Faith    .   (no shield)
rNeg    . . .      Spirit   .   a - +0 plate armour
rPois   .          Reflect  .   (helmet restricted)
rElec   .          Harm     .   d - +0 cloak
rCorr   +          Rampage  .   (no gloves)
Will    .....                   (boots unavailable)
Stlth   ..........              (no amulet)
HPRegen 0.13/turn               p - ring of resist corrosion
MPRegen 0.12/turn               (no ring)

@: flying quickly and evasively, quick
A: beak, talons 3, nimble flight
a: Renounce Religion


You were on level 6 of the Dungeon.
You worshipped Okawaru.
Okawaru was noncommittal.
You visited 2 branches of the dungeon, and saw 7 of its levels.

You collected 292 gold pieces.


Innate Abilities, Weirdness & Mutations

You have a beak for a mouth.
You have claws for feet.
Your magical nature lets you fly swiftly and evasively.


   Skills:
 - Level 3.4 Fighting
 - Level 8.1 Axes
 - Level 2.0 Throwing
 + Level 3.9 Armour
 - Level 2.1 Dodging
 - Level 2.0 Spellcasting
 - Level 2.4 Translocations


You had 10 spell levels left.
You didn't know any spells.
Your spell library contained the following spells:

 Spells                   Type           Power      Damage    Failure   Level
 Blink                    Tloc           16%        N/A       100%        2
 Gell's Gravitas          Tloc           8%         N/A       100%        3
 Lesser Beckoning         Tloc           8%         N/A       100%        3
 Teleport Other           Tloc           8%         N/A       100%        3
 Manifold Assault         Tloc           8%         N/A       100%        5

Inventory:

Hand Weapons
 m - a +0 morningstar
 Y - a +2 hand axe of venom (weapon)
Missiles
 e - 4 javelins (quivered)
 i - a silver javelin
 l - 5 boomerangs
Armour
 a - a +0 plate armour (worn)
 d - a +0 cloak (worn)
Jewellery
 p - a ring of resist corrosion (left hand)
Scrolls
 c - a scroll of identify
Potions
 b - a potion of ambrosia {unknown}
 f - a potion of haste
 g - a potion of might {unknown}
 k - a potion of degeneration {unknown}

Dungeon Overview and Level Annotations

Branches:
Dungeon (6/15)             Temple (1/1) D:5

Altars:
Cheibriados
Dithmenos
Elyvilon
Fedhas
Gozag
Hepliaklqana
Kikubaaqudgha
Nemelex Xobeh
Okawaru
Qazlal
Sif Muna
Trog
Uskayaw
Wu Jian
Xom
Yredelemnul
Zin
The Shining One

Annotations:
D:4 2 runed translucent doors, qw's ghost, amateur TeWr


Message History

You hit the gnoll sergeant but do no damage.
The gnoll sergeant is poisoned.
You claw the gnoll sergeant, but do no damage.
You peck the gnoll sergeant.
The gnoll sergeant is lightly wounded.
The gnoll sergeant barely misses you.
The gnoll shouts!
You hit the gnoll sergeant but do no damage.
The gnoll sergeant looks as sick as possible!
Your kick misses the gnoll sergeant.
The gnoll sergeant is lightly wounded.
You hear a shout!
The gnoll sergeant hits you with a +2 trident of freezing!
The gnoll sergeant freezes you.
You hear a shout!
The gnoll shouts!
You hit the gnoll sergeant but do no damage.
Your peck misses the gnoll sergeant.
The gnoll sergeant is lightly wounded.
You hit the gnoll sergeant but do no damage.
The gnoll sergeant looks as sick as possible!
You claw the gnoll sergeant.
You peck the gnoll sergeant, but do no damage.
The gnoll sergeant is heavily wounded.
The gnoll sergeant hits you with a +2 trident of freezing.
The gnoll sergeant freezes you. The gnoll sergeant blocks your attack.
The gnoll sergeant is heavily wounded.
The gnoll sergeant hits you but does no damage.
The gnoll sergeant blocks your attack.
You claw the gnoll sergeant, but do no damage.
The gnoll sergeant is severely wounded.
The gnoll sergeant barely misses you. The gnoll sergeant blocks your attack.
Your kick misses the gnoll sergeant.
The gnoll sergeant is severely wounded.
You hit the gnoll.
The gnoll is poisoned.
The gnoll hits you but does no damage. x2
The gnoll sergeant hits you with a +2 trident of freezing!
The gnoll sergeant freezes you!
You die...

.... ...g... #.#
###.#..... #.#
#........
.####.########.#..#.###
..................g....
.....# ##...##...#
#...####..#.#gg..#
#...##....(.@g...#
#..).#.......g...#
#...............$#
#.<.##...........#
#.................#
#...#..............#
#.#...#!...........#
....................#
###..............


You could see a gnoll sergeant (extremely poisoned) and 4 gnolls.

Vanquished Creatures
  Eustachio (D:5)
  An ice beast (D:5)
  A black bear (D:5)
  An ogre (D:4)
  2 hounds
  A jelly (D:5)
  2 orc priests (D:4)
  Crazy Yiuf (D:5)
  3 iguanas
  An orc wizard (D:4)
  5 adders
  2 worms
  A dart slug (D:5)
  11 orcs
  5 ball pythons
  4 endoplasms
  4 giant cockroaches
  3 hobgoblins
  9 jackals
  8 kobolds
  3 quokkas
  2 bats
  3 frilled lizards
  10 goblins
  7 rats
91 creatures vanquished.

Vanquished Creatures (others)
  A plant (D:1)
1 creature vanquished.

Grand Total: 92 creatures vanquished

Notes
Turn   | Place    | Note
-------+----------+-------------------------------------------
     0 | D:1      | qw the Tengu Warper began the quest for the Orb.
     0 | D:1      | Reached XP level 1. HP: 12/12 MP: 4/4
     0 | D:1      | 0 ||| qw: Version: 0.1-a-89-g26bdef1
     0 | D:1      | 0 ||| qw: Game counter: 2037
     0 | D:1      | 0 ||| qw: Always use a shield: true
     0 | D:1      | 0 ||| qw: God list: Okawaru
     0 | D:1      | 0 ||| qw: Allow faded altars: false
     0 | D:1      | 0 ||| qw: Do Orc after D:15 true
     0 | D:1      | 0 ||| qw: Do second Lair branch before Depths: true
     0 | D:1      | 0 ||| qw: Lair rune preference: random
     0 | D:1      | 0 ||| qw: Plans: Normal
     0 | D:1      | 0 ||| PLANNING D:1-11
     8 | D:1      | 8 ||| SWAPPING to +0 hand axe of venom.
     9 | D:1      | 9 ||| DROPPING +0 hand axe.
    28 | D:1      | 28 ||| Stepping ~*~*~tactically~*~*~ (stealth).
   111 | D:1      | 111 ||| Stepping ~*~*~tactically~*~*~ (stealth).
   113 | D:1      | 113 ||| Stepping ~*~*~tactically~*~*~ (stealth).
   130 | D:1      | 130 ||| DROPPING +0 club.
   143 | D:1      | Reached XP level 2. HP: 16/17 MP: 6/6
   158 | D:1      | Reached skill level 3 in Axes
   194 | D:1      | 194 ||| Stepping ~*~*~tactically~*~*~ (stealth).
   320 | D:1      | 320 ||| Stepping ~*~*~tactically~*~*~ (stealth).
   383 | D:1      | 383 ||| Stepping ~*~*~tactically~*~*~ (stealth).
   385 | D:1      | 385 ||| Stepping ~*~*~tactically~*~*~ (stealth).
   400 | D:1      | 400 ||| Stepping ~*~*~tactically~*~*~ (stealth).
   696 | D:1      | You fall into a shaft and drop 1 floor!
   731 | D:2      | 731 ||| Stepping ~*~*~tactically~*~*~ (stealth).
   737 | D:2      | Reached XP level 3. HP: 16/21 MP: 7/7
   849 | D:2      | 849 ||| Stepping ~*~*~tactically~*~*~ (stealth).
   852 | D:2      | 852 ||| Stepping ~*~*~tactically~*~*~ (stealth).
   854 | D:2      | 854 ||| Stepping ~*~*~tactically~*~*~ (stealth).
   857 | D:2      | Reached skill level 4 in Axes
   930 | D:2      | HP: 5/21 [poisoned by an adder]
   933 | D:2      | HP: 2/21 [poisoned by an adder]
  1206 | D:2      | 1206 ||| UPGRADING to +0 ring mail.
  1216 | D:2      | 1216 ||| DROPPING +0 leather armour.
  1217 | D:2      | 1217 ||| UPGRADING to ring of resist corrosion.
  1218 | D:2      | 1218 ||| READING scroll labelled QIEJYTEGOMU.
  1219 | D:2      | 1219 ||| READING scroll labelled MUSTEG YLESE.
  1220 | D:2      | 1220 ||| READING scroll labelled JOASKEMOAPU.
  1221 | D:2      | 1221 ||| READING 3 scrolls labelled YNUMPE RIEFEAD.
  1322 | D:2      | 1322 ||| READING scroll labelled TATSAP OCUNN.
  1323 | D:2      | 1323 ||| DROPPING scroll of blinking.
  1324 | D:2      | 1324 ||| DROPPING 2 scrolls of silence.
  1732 | D:2      | 1732 ||| DRINKING 2 yellow potions.
  1733 | D:2      | 1733 ||| DRINKING 2 amethyst potions.
  1734 | D:2      | 1734 ||| DRINKING 2 fuming coppery potions.
  1838 | D:2      | 1838 ||| DROPPING potion of flight.
  1839 | D:2      | 1839 ||| DROPPING potion of berserk rage.
  1992 | D:3      | 1992 ||| Stepping ~*~*~tactically~*~*~ (stealth).
  1993 | D:3      | 1993 ||| Stepping ~*~*~tactically~*~*~ (stealth).
  1997 | D:3      | 1997 ||| Stepping ~*~*~tactically~*~*~ (stealth).
  2023 | D:3      | Reached XP level 4. HP: 26/26 MP: 8/8
  2152 | D:3      | 2152 ||| Stepping ~*~*~tactically~*~*~ (stealth).
  2181 | D:3      | Found a faded altar of an unknown god.
  2373 | D:3      | Reached skill level 5 in Axes
  2661 | D:3      | 2661 ||| UPGRADING to +0 scale mail.
  2671 | D:3      | 2671 ||| DROPPING +0 ring mail.
  2672 | D:3      | 2672 ||| READING scroll labelled WIULUTI TYMUPO.
  2723 | D:4      | Noticed an ogre
  2730 | D:4      | HP: 4/26 [ogre/+0 giant spiked club (22)]
  2731 | D:4      | 2731 ||| DRINKING potion of heal wounds.
  2731 | D:4      | Killed an ogre
  2732 | D:4      | Reached skill level 6 in Axes
  2732 | D:4      | Gained mutation: Your magical nature lets you fly swiftly
                  | and evasively. [Tengu growth]
  2732 | D:4      | Reached XP level 5. HP: 30/30 MP: 9/9
  3170 | D:4      | 3170 ||| DROPPING +0 mace.
  3193 | D:4      | Reached XP level 6. HP: 35/35 MP: 10/10
  3201 | D:4      | Found a large runed translucent door.
  3201 | D:4      | Found a large runed translucent door.
  3262 | D:4      | 3262 ||| READING scroll of enchant weapon.
  3262 | D:4      | 3262 ||| ENCHANTING +1 hand axe of venom.
  3405 | D:4      | 3405 ||| Stepping ~*~*~tactically~*~*~ (stealth).
  3406 | D:4      | 3406 ||| Stepping ~*~*~tactically~*~*~ (stealth).
  3411 | D:4      | Reached skill level 7 in Axes
  3790 | D:4      | Noticed qw's ghost (amateur TeWr)
  3793 | D:4      | 3793 ||| UPGRADING to +0 chain mail.
  3803 | D:4      | 3803 ||| DROPPING +0 scale mail.
  3804 | D:4      | 3804 ||| READING scroll labelled COSOMO FIHACWOMIE.
  3805 | D:4      | 3805 ||| READING scroll labelled MOTWEL OGUE.
  3806 | D:4      | 3806 ||| DRINKING 2 sedimented grey potions.
  3839 | D:4      | 3839 ||| DRINKING 2 purple potions.
  3840 | D:4      | 3840 ||| READING 2 scrolls of identify.
  3840 | D:4      | 3840 ||| IDENTIFYING bubbling white potion
  3841 | D:4      | 3841 ||| DROPPING potion of attraction.
  3842 | D:4      | 3842 ||| DROPPING potion of lignification.
  3870 | D:5      | Entered Level 5 of the Dungeon
  3874 | D:5      | Noticed Eustachio
  3878 | D:5      | 3878 ||| Stepping ~*~*~tactically~*~*~ (hiding).
  3889 | D:5      | Killed Eustachio
  3890 | D:5      | Reached skill level 3 in Armour
  3890 | D:5      | Reached XP level 7. HP: 37/40 MP: 11/11
  3935 | D:5      | Found a runed translucent door.
  3936 | D:5      | Noticed Crazy Yiuf
  3961 | D:5      | Reached skill level 3 in Fighting
  4081 | D:5      | Found a white marble altar of Elyvilon.
  4372 | D:5      | Found a staircase to the Ecumenical Temple.
  4373 | D:5      | 4373 ||| PLANNING TEMPLE
  4373 | D:5      | 4373 ||| UPGRADING to +0 plate armour.
  4383 | D:5      | 4383 ||| DROPPING +0 chain mail.
  4389 | Temple   | Entered the Ecumenical Temple
  4408 | Temple   | Became a worshipper of Warmaster Okawaru
  4480 | Temple   | 4480 ||| PLANNING D:1-11
  4514 | D:5      | Found a stormy altar of Qazlal.
  4848 | D:5      | 4848 ||| Stepping randomly (stuck).
  4852 | D:5      | Killed Crazy Yiuf
  4981 | D:5      | 4981 ||| UPGRADING to +0 cloak.
  5012 | D:6      | 5012 ||| Stepping ~*~*~tactically~*~*~ (stealth).
  5015 | D:6      | 5015 ||| Stepping ~*~*~tactically~*~*~ (stealth).
  5017 | D:6      | 5017 ||| Stepping ~*~*~tactically~*~*~ (stealth).
  5021 | D:6      | 5021 ||| Stepping ~*~*~tactically~*~*~ (stealth).
  5025 | D:6      | Reached skill level 8 in Axes
  5059 | D:6      | 5059 ||| Stepping ~*~*~tactically~*~*~ (hiding).
  5061 | D:6      | 5061 ||| Stepping ~*~*~tactically~*~*~ (stealth).
  5069 | D:6      | HP: 4/41 [gnoll sergeant/+2 trident of freezing (15)]
  5069 | D:6      | Slain by a gnoll sergeant

Levels and vault maps discovered:
D:1:      scummos_arrival_forest, layout_rooms, serial_forest,
          infiniplex_forest_clump_double, infiniplex_forest_corner_1,
          infiniplex_forest_straight_2, infiniplex_forest_corner_1,
          infiniplex_forest_side_room, infiniplex_forest_straight_1,
          infiniplex_forest_clump_medium, infiniplex_forest_straight_2,
          infiniplex_forest_lined_room_2, infiniplex_forest_clump_small
D:2:      layout_basic
D:3:      layout_loops_ring, shapermc_ecumenical_altar_notcrosses,
          hangedman_decor_lopped
D:4:      layout_gridville, ebering_ghost_disaster_area
D:5:      layout_rooms, elyvilon_altar_1, mainiacjoe_overflow_paths,
          minmay_temple_entry_enclosed_plants, minivault_11, st_stairs_3,
          uniq_eustachio, uniq_crazy_yiuf_cottage
D:6:      layout_rooms
Temple:   nicolae_temple_superstar

Skill      XL: |  1  2  3  4  5  6  7 |
---------------+----------------------+-----
Axes           | 3 4 6 7 8 |  8.1
Armour         | 3 |  3.9
Fighting       | 3 |  3.4
Throwing       | 2 |  2.0
Dodging        | |  2.1
Spellcasting   | |  2.0
Translocations | |  2.4

Action                   |  1- 3 |  4- 6 |  7- 9 || total
-------------------------+-------+-------+-------++-------
Melee: Hand axe          |    65 |    60 |    53 ||   178
       Kick              |    15 |    12 |    11 ||    38
       Peck              |     9 |     9 |    12 ||    30
Throw: Boomerang         |     7 |       |       ||     7
       Javelin           |    25 |    39 |    17 ||    81
  Use: Scroll            |     5 |     5 |       ||    10
       Potion            |     3 |     3 |       ||     6
Armor: Leather armour    |    11 |       |       ||    11
       Ring mail         |     6 |     1 |       ||     7
       Scale mail        |       |    10 |       ||    10
       Chain mail        |       |     5 |    13 ||    18
       Plate armour      |       |       |    18 ||    18
Dodge: Dodged            |    37 |    25 |    11 ||    73

Table legend:
 A = Non-vault XP
 B = Vault XP
 C = Vault XP percentage of total XP
 D = Non-vault monster count
 E = Vault monster count
 F = Vault count percentage of total count
                 A         B        C        D         E       F
            +---------+---------+-------+---------+---------+-------
      Total |     930 |     251 |  21.3 |      88 |       3 |   3.3
            +---------+---------+-------+---------+---------+-------
        D:1 |      23 |       0 |   0.0 |      14 |       0 |   0.0
        D:2 |      47 |       0 |   0.0 |      13 |       0 |   0.0
        D:3 |      71 |       0 |   0.0 |      20 |       0 |   0.0
        D:4 |     280 |       0 |   0.0 |      24 |       0 |   0.0
        D:5 |     430 |     251 |  36.9 |      14 |       3 |  17.6
        D:6 |      79 |       0 |   0.0 |       3 |       0 |   0.0
            +---------+---------+-------+---------+---------+-------
